Map: Prion Terraces

Players

LilDicky

  • Race: Terran Terran
  • League: Diamond

IntuitioN - Winner!

  • Race: Protoss Protoss
  • League: Diamond

VOD

http://www.twitch.tv/tumescentpie

Description

Time

  • Played on: Nov. 23, 2015, 11:21 p.m.
  • Length: 6:07
Show
View Real Time Build Order
Export as new Build Order

LilDicky Terran 

Build Orders: MMM Bio 

Get SALT Encoding   

  12  0:01  SCV  
  13  0:13  SCV  
  14  0:17  Supply Depot  
  14  0:25  SCV  
  15  0:28  Refinery  
  15  0:39  SCV  
  16  0:46  Barracks  
  16  0:52  SCV  
  17  1:04  SCV  
  18  1:20  SCV  
  19  1:33  Factory  
  19  1:34  Supply Depot  
  19  1:35  Marine  
  19  1:39  Orbital Command  
  20  1:53  Marine  
  21  1:59  Barracks  
  21  2:03  Barracks  
  21  2:07  SCV  
  22  2:13  Barracks Reactor  
  22  2:19  SCV  
  23  2:24  Refinery  
  23  2:28  Widow Mine  
  25  2:36  SCV  
  26  2:54  SCV, Barracks Tech Lab  
  26  2:55  Barracks Tech Lab  
  26  2:56  Supply Depot, Widow Mine  
  28  2:59  Marine  
  28  3:00  Marine  
  30  3:11  SCV  
  31  3:13  Stimpack  
  31  3:17  Marine x2  
  31  3:18  Combat Shields  
  33  3:20  Supply Depot  
  33  3:25  SCV  
  30  3:34  Marine x2  
  25  3:45  Marine x2  
  24  3:52  Marine x2  
  20  4:03  Marine  
  11  4:18  Marine  
  11  4:19  Marine x2  
  12  4:33  Widow Mine  
  14  4:38  Marine x2  
  16  4:49  Marine  
  16  4:55  Marine  
  12  5:08  Marine x2  
  12  5:22  SCV  
  13  5:34  Marine  
Show
View Real Time Build Order
Export as new Build Order

IntuitioN Protoss - Winner!

Build Orders: Oracle Opening 

Get SALT Encoding   

  12  0:01  Probe (Chrono Boost)  
  13  0:13  Pylon  
  13  0:17  Probe (Chrono Boost)  
  14  0:28  Probe (Chrono Boost)  
  15  0:35  Gateway  
  15  0:39  Probe (Chrono Boost)  
  16  0:45  Assimilator  
  16  0:49  Probe (Chrono Boost)  
  17  0:55  Assimilator  
  17  1:00  Probe (Chrono Boost)  
  18  1:10  Probe (Chrono Boost)  
  19  1:21  Probe (Chrono Boost)  
  19  1:22  Cybernetics Core  
  20  1:31  Probe (Chrono Boost)  
  21  1:42  Probe (Chrono Boost), Pylon  
  21  1:43  Pylon  
  22  1:52  Probe (Chrono Boost)  
  23  2:01  Stargate  
  23  2:03  Probe (Chrono Boost)  
  24  2:14  Mothership Core (Chrono Boost)  
  26  2:41  Probe (Chrono Boost)  
  27  2:45  Oracle (Chrono Boost)  
  27  2:46  Nexus  
  30  2:52  Probe  
  24  3:17  Oracle (Chrono Boost)  
  27  3:24  Forge  
  27  3:39  Probe  
  26  3:51  Probe  
  25  4:03  Probe  
  25  4:05  Photon Cannon  
  23  4:15  Probe  
  24  4:42  Pylon  
  24  5:00  Probe x2  
  25  5:09  Photon Cannon  
  25  5:13  Probe  
  26  5:25  Probe  
  27  5:44  Probe (Chrono Boost)  
  27  5:47  Probe (Chrono Boost)  
  29  5:51  Gateway  
  29  5:52  Gateway  
Tags
 
Add a new tag
Caveats
  • Supply blocks, unpowered buildings, or Contaminate may cause inaccurate times.
  • Supply counts are checked every 10 seconds.